 Dungeon Crawl Stone Soup version 0.21-a0-227-g58a7c62 (webtiles) character file.

561891 Gorglomux the Grand Master (level 26, -18/314 HPs)
             Began as a Gnoll Transmuter on Aug 30, 2017.
             Was a High Priest of Wu Jian.
             Demolished by an Orb Guardian (24 damage)
             ... on level 5 of the Realm of Zot on Aug 31, 2017.
             The game lasted 03:11:17 (61462 turns).

Gorglomux the Grand Master (Gnoll Transmuter)      Turns: 61462, Time: 03:11:18

Health: -18/314    AC: 24    Str:  7    XL:     26   Next: 67%
Magic:  10/43      EV: 18    Int:  7    God:    Wu Jian [*****.]
Gold:   2043       SH: 22    Dex:  7    Spells: 21/57 levels left

rFire    + . .     SeeInvis .     - Unarmed
rCold    + + .     Gourm    .   E - +4 large shield {rC+}
rNeg     + + .     Faith    .   (armour currently unavailable)
rPois    ∞         Spirit   .   U - -2 hat of the Alchemist {rElec rPois rF+ rC+ rN+ MR+ rMut rCorr}
rElec    +         Reflect  .   V - +2 cloak {+Inv}
rCorr    +         Harm     .   (gloves currently unavailable)
rMut     +                      (boots currently unavailable)
MR       +++..                  r - amulet of regeneration
Stlth    +.........             m - ring of protection from magic
HPRegen  1.42/turn              C - ring of wizardry
MPRegen  0.28/turn

@: exhausted, about to teleport, statue-form, slowed, very slow
A: unchanging attributes, fangs 1, regeneration 1, strong nose
}: 3/15 runes: serpentine, barnacled, slimy
a: End Transformation, Serpent's Lash, Heavenly Storm, Renounce Religion, Evoke
Invisibility


You were on level 5 of the Realm of Zot.
You worshipped Wu Jian.
Wu Jian was extremely pleased with you.
You were not hungry.
You were a stone statue.
You visited 10 branches of the dungeon, and saw 51 of its levels.
You also visited: Wizlab.

You collected 5476 gold pieces.
You spent 3433 gold pieces at shops.

Inventory:

Missiles
 Z - 6 throwing nets (quivered)
Armour
 e - the +2 pair of gloves of Ashenzari's Hope (melded) {Int+2 Slay+5}
   (You found it on level 6 of the Lair of Beasts)

   It affects your intelligence (+2).
   It affects your accuracy and damage with ranged weapons and melee attacks
   (+5).
 y - a +0 troll leather armour (melded)
 E - a +4 large shield of cold resistance (worn)
 U - the -2 hat of the Alchemist (worn) {rElec rPois rF+ rC+ rN+ MR+ rMut rCorr}
   (You found it in a wizard's laboratory)

   It protects you from fire.
   It protects you from cold.
   It insulates you from electricity.
   It protects you from poison.
   It protects you from negative energy.
   It affects your resistance to hostile enchantments.
   It protects you from acid and corrosion.
   It protects you from mutation.
 V - a +2 cloak of invisibility (worn)
 W - a +2 pair of boots (melded)
Jewellery
 c - an uncursed ring of protection from cold
 g - an uncursed ring of resist corrosion
 m - a ring of protection from magic (left hand)
 r - an amulet of regeneration (around neck)
 C - a ring of wizardry (right hand)
Wands
 A - a wand of acid (6/15)
 I - a wand of iceblast (10/15)
 O - a wand of clouds (1/9)
 P - a wand of paralysis (14/24)
Scrolls
 k - 8 scrolls of fear
 o - 2 scrolls of fog
 p - 6 scrolls of immolation
 s - 4 scrolls of recharging
 w - 9 scrolls of amnesia
 B - 3 scrolls of blinking
 F - 14 scrolls of remove curse
 L - a scroll of silence
 M - a scroll of magic mapping
 R - 10 scrolls of identify
 S - 7 scrolls of summoning
 T - 5 scrolls of teleportation
Potions
 a - a potion of cancellation
 b - 7 potions of lignification
 f - 3 potions of might
 h - 7 potions of haste
 i - 7 potions of brilliance
 l - 2 potions of resistance
 n - 3 potions of invisibility
 t - a potion of berserk rage
 u - 13 potions of mutation {!q}
 v - 9 potions of agility
 D - 3 potions of magic
 J - 2 potions of ambrosia
 N - 4 potions of heal wounds
 Q - 23 potions of curing
Books
 j - a book of Enchantments

   Spells                             Type                      Level
   a - Cause Fear                     Hexes                        4
   b - Yara's Violent Unravelling     Hexes/Transmutation          5
   c - Silence                        Hexes/Air                    5
   d - Deflect Missiles               Charms/Air                   6
   e - Discord                        Hexes                        8
 q - a book of Beasts

   Spells                             Type                      Level
   a - Summon Butterflies             Summoning                    1
   b - Call Canine Familiar           Summoning                    3
   c - Summon Ice Beast               Ice/Summoning                4
   d - Summon Mana Viper              Hexes/Summoning              5
   e - Summon Hydra                   Summoning                    7
Miscellaneous
 K - a lightning rod (4/4)
 X - a phial of floods
 Y - a lamp of fire
Comestibles
 d - 13 bread rations
 x - 22 fruits
 H - 16 royal jellies


   Skills:
 O Level 27 Fighting
 - Level 10.4 Armour
 + Level 17.9 Dodging
 + Level 18.1 Shields
 O Level 27 Unarmed Combat
 - Level 16.1 Spellcasting
 - Level 5.0 Charms
 - Level 5.0 Necromancy
 - Level 18.0 Transmutations
 - Level 3.1 Ice Magic
 - Level 15.4 Earth Magic
 - Level 2.0 Poison Magic
 - Level 16.0 Evocations


You had 21 spell levels left.
You knew the following spells:

 Your Spells              Type           Power        Failure   Level  Hunger
a - Ice Form              Ice/Tmut       ###.....     1%          4    ####...
b - Sticks to Snakes      Tmut           ####....     0%          2    None
c - Spider Form           Tmut/Pois      ###.......   1%          3    ##.....
d - Blade Hands           Tmut           ####......   1%          5    #####..
e - Dragon Form           Tmut           ####......   4%          7    #######
f - Shadow Creatures      Summ           N/A          100%        6    #######
R - Regeneration          Chrm/Necr      ##........   3%          3    ##.....
Y - Statue Form           Tmut/Erth      ####.....    1%          6    #######


Dungeon Overview and Level Annotations

Branches:
Dungeon (15/15)            Temple (1/1) D:7            Lair (6/6) D:10
 Shoals (4/4) Lair:3        Snake (4/4) Lair:2        Slime (5/5) Lair:5
    Orc (2/2) D:11            Elf (0/3) Orc:2        Vaults (4/5) D:13
  Crypt (0/3) Vaults:2     Depths (5/5) D:15            Zot (5/5) Depths:5

Altars:
Ashenzari
Cheibriados
Dithmenos
Elyvilon
Fedhas
Gozag
Hepliaklqana
Kikubaaqudgha
Makhleb
Nemelex Xobeh
Okawaru
Qazlal
Ru
Sif Muna
Trog
Uskayaw
Vehumet
Wu Jian
Xom
Yredelemnul
Zin
The Shining One
Beogh
Jiyva

Shops:
D:5 :   D:9 %   D:15 [*   Orc:2 !*?:(   Snake:3 %(*   Vaults:2 }?   Vaults:4 (
Depths:1 ?   Depths:3 ?=}!

Portals:
Hell: Depths:1 Depths:2 Depths:3 Depths:5
Abyss: Depths:3
Pandemonium: Depths:3 Depths:5

Annotations:
D:14 1 exclusion


Innate Abilities, Weirdness & Mutations

Your physical attributes are unchanging.
You have very sharp teeth.
Your uncanny sense of smell can sniff out nearby items.
Your natural rate of healing is unusually fast.


Message History

Your blink will be uncontrolled - continue anyway?
The Orb prevents control of your translocation!!!
You blink!
As you read the scroll of blinking, it crumbles to butt!
You butt the Orb Guardian's attack!
You block the Butt Guardian's attack!
The Orb Guardian hits you but does no damage!
You block the Orb Guardian's attack!
The death cob hits you!!! * * * don't die
* * * The death cob drains your vigour!!!
You feel yourself slow down!
The purple draconian breathes dispelling energy at you!
The bolt of dispelling energy misses you!
You block the storm butt's attack! The storm dragon misses you!
The storm dragon tramples you but does no damage!
The Orb Guardian hits you!!!!!! * * * don't die
* * * The Orb Guardian hits you butt does no damage!
The Orb Guardian hits you!!! * * * don't die
* * * The Orb Butt hits you!!!!!! rip

**,,,,..............## #.......
*,,,,,...............# ##......
*,,,,,...............# #......
*,,,,,...............# ##......
*,,,,,...............# #.......
*,,,,,...p...§.......# ##....?..
*,,,,,.).§...XXX.....###........
**,,,,........Xzd...###...######
**,,,.......^D8X..##....##
**,,....D....XX..^...###
**,....##▓▓▓▓▓▓▓▓▓▓▓#
**,,....,,,,,,,,,****
**,,,...,,,,,,,,,,,,,***
**,,,,,,,,,,,,,,,,,,,,,,**
*,,,,,,,,,,,,,,,,,,,,,,,,* *****
*,,,,,,,,,,,,,,,,,,,,,,,,***,,,,
**,,,,,,,,,,,,,,,,,,,,,,,**,,,,,


You could see a Killer Klown, a golden dragon, a storm dragon, a purple
draconian, a death cob and 7 Orb Guardians.

Vanquished Creatures
  the Royal Jelly (Slime:5)
  Dissolution (Slime:3)
  7 orbs of fire (Zot:5)
  5 ancient liches (Zot:5)
  A juggernaut (Depths:3)
  2 Killer Klowns (Zot:5)
  Vashnia (Snake:2)
  Margery (Depths:3)
  Frederick (Depths:5)
  A golden dragon (Depths:5)
  A mutant beast (WizLab)
  2 electric golems (Zot:5)
  Jorgrun (Depths:5)
  2 tentacled monstrosities
  Rupert (Orc:2)
  2 liches
  16 Orb Guardians (Zot:5)
  A quicksilver dragon (Zot:4)
  2 sphinxes
  30 acid blobs
  3 shadow dragons
  7 storm dragons
  3 tengu reavers (Vaults:3)
  Donald (Orc:2)
  18 azure jellies
  4 draconian monks
  12 nagarajas
  Ilsuiw (Shoals:4)
  A draconian scorcher (Zot:5)
  3 draconian knights
  A draconian shifter (Zot:5)
  4 fire giants
  4 vault wardens
  11 frost giants
  A ghoul (Vaults:3)
  An orc warlord (Vaults:4)
  9 ironheart preservers
  A draconian stormcaller (Zot:5)
  A war gargoyle (Depths:4)
  A reaper (Depths:3)
  A draconian annihilator (Depths:5)
  21 stone giants
  16 very ugly things
  An entropy weaver (Vaults:2)
  2 black draconians
  A deep elf annihilator (Vaults:4)
  4 green draconians
  8 spark wasps
  4 yellow draconians
  3 red draconians
  2 purple draconians (Zot:5)
  4 white draconians
  A deep elf death mage (Vaults:4)
  7 merfolk javelineers
  22 ettins
  12 death oozes
  A merfolk impaler (Shoals:4)
  10 great orbs of eyes
  7 yaktaur captains
  4 jiangshi
  7 fire dragons
  6 rakshasas
  6 spriggan air magi
  4 vault guards (D:13)
  Erolcha (D:10)
  3 alligator snapping turtles
  5 hydras
  19 naga warriors
  14 anacondas
  11 centaur warriors
  11 ice dragons
  6 death knights
  A two-headed ogre (shapeshifter) (WizLab)
  13 ogre magi
  4 merfolk avatars
  8 merfolk aquamancers
  44 two-headed ogres
  13 deep troll shamans
  2 tengu warriors
  9 satyrs
  10 death yaks
  3 spriggan berserkers
  9 orc high priests
  9 deep troll earth magi
  10 hell knights
  3 vampire magi
  15 naga sharpshooters
  A soul eater (Depths:3)
  10 shock serpents
  4 deep elf knights
  An iron golem (WizLab)
  A fire crab (shapeshifter) (D:14)
  3 unseen horrors
  5 salamander mystics
  30 deep trolls
  6 iron trolls
  15 sea snakes
  An unseen horror (shapeshifter) (WizLab)
  A skeletal warrior (Vaults:3)
  4 wizards
  A lindwurm (shapeshifter) (D:15)
  3 gelid demonspawn (Depths:3)
  13 naga ritualists
  3 flayed ghosts
  A lindwurm (Lair:6)
  2 swamp dragons (shapeshifter)
  3 large abominations (WizLab)
  23 harpies
  17 orc knights
  A wolf spider zombie (D:14)
  4 deep elf archers
  9 ironbrand convokers
  2 glowing orange brains
  17 mana vipers
  7 necromancers
  2 orc sorcerers
  A shining eye (Slime:5)
  59 ugly things
  6 moths of wrath
  A cyclops (shapeshifter) (WizLab)
  4 wolf spiders
  A salamander (shapeshifter) (D:13)
  10 manticores
  12 deep elf magi
  13 elephants
  14 salamanders
  21 fauns
  12 cyclopes
  A moth of wrath (shapeshifter) (WizLab)
  13 merfolk sirens
  Maurice (Orc:2)
  10 guardian serpents
  21 naga magi
  6 torpor snails
  A guardian serpent (shapeshifter) (WizLab)
  28 black mambas
  12 vault sentinels
  5 water nymphs
  2 eyes of devastation (shapeshifter)
  2 black mambas (shapeshifter)
  5 eyes of devastation
  4 centaur skeletons
  2 gargoyles
  16 spiny frogs
  A torpor snail (shapeshifter) (Depths:3)
  8 freezing wraiths
  21 yaktaurs
  9 komodo dragons
  4 efreet
  22 merfolk
  2 tengu conjurers (Depths:1)
  A meliai (shapeshifter) (WizLab)
  An ice devil (Depths:1)
  5 trolls
  A jumping spider (shapeshifter) (Vaults:3)
  3 polar bears
  A tyrant leech (shapeshifter) (WizLab)
  A polar bear (shapeshifter) (Vaults:3)
  4 tyrant leeches (Lair:6)
  9 wind drakes
  11 hornets
  A blink frog (shapeshifter) (WizLab)
  10 blink frogs
  A wind drake (shapeshifter) (Vaults:4)
  66 slime creatures
  17 hippogriffs
  12 snapping turtles
  A meliai zombie (D:13)
  A dream sheep (shapeshifter) (WizLab)
  3 hippogriffs (shapeshifter)
  31 dream sheep
  A spriggan (shapeshifter) (WizLab)
  11 water elementals
  A redback (Vaults:2)
  5 wraiths
  An elf zombie (Vaults:4)
  7 spriggans
  2 shadows
  12 air elementals
  5 basilisks
  A tarantella (shapeshifter) (Depths:2)
  A vampire (D:14)
  Eustachio (D:5)
  3 hogs (shapeshifter) (WizLab)
  6 wyverns
  43 yaks
  A human (shapeshifter) (Vaults:2)
  A human simulacrum (Vaults:2)
  5 hungry ghosts
  A steam dragon (shapeshifter) (WizLab)
  3 steam dragons
  Grum (D:9)
  4 vampire mosquitoes (D:14)
  11 wargs
  6 small abominations (WizLab)
  63 nagas
  3 acid dragons
  5 floating eyes
  14 water moccasins
  5 porcupines
  59 orc warriors
  A swamp drake (shapeshifter) (WizLab)
  6 sky beasts
  4 black bears
  3 phantoms
  A hornet zombie (D:8)
  5 ice beasts
  8 eyes of draining
  An eye of draining (shapeshifter) (WizLab)
  3 ettin simulacra (Depths:2)
  A necrophage (D:10)
  31 wolves
  20 boggarts
  An ogre (shapeshifter) (WizLab)
  18 centaurs
  39 ogres
  13 crocodiles
  A big kobold (shapeshifter) (WizLab)
  4 big kobolds
  16 bullfrogs
  A glowing shapeshifter simulacrum (Vaults:2)
  3 wyvern skeletons
  A troll zombie (D:7)
  An elf simulacrum (Vaults:4)
  7 scorpions
  19 wights
  6 howler monkeys
  2 electric eels (Lair:5)
  11 crimson imps
  7 jellies
  A lava snake (D:15)
  A bullfrog zombie (D:12)
  2 quasits
  3 centaur zombies
  7 hounds
  4 human zombies
  4 bullfrog skeletons
  41 orc priests
  20 orc wizards
  Crazy Yiuf (D:3)
  Ijyb (D:3)
  5 iguanas
  3 polar bear simulacra (Lair:6)
  18 worker ants
  A yak simulacrum (Lair:6)
  2 wolf simulacra (Lair:6)
  A hound zombie (D:10)
  2 ogre skeletons (D:7)
  A hound skeleton (D:6)
  A howler monkey zombie (D:6)
  3 mummies (D:7)
  3 worker ant zombies
  20 gnolls
  9 adders
  3 shadow imps
  3 oozes
  5 adder skeletons
  6 worms
  4 dart slugs
  6 leopard geckos
  138 orcs
  8 bats
  3 giant cockroaches
  26 goblins
  15 hobgoblins
  11 jackals
  34 kobolds
  7 quokkas
  A ball python (D:1)
  A frilled lizard (D:4)
  A goblin zombie (D:4)
  A hobgoblin zombie (D:4)
  2 kobold skeletons (D:4)
  An orc zombie (D:4)
  6 rats
  5 river rat simulacra (Lair:6)
  5 plants
2225 creatures vanquished.

Vanquished Creatures (collateral kills)
  A merfolk javelineer (Shoals:4)
  Prince Ribbit (D:4)
  A golden eye (Slime:5)
  An adder (D:6)
4 creatures vanquished.

Vanquished Creatures (others)
  A stone giant (Depths:5)
  An ettin (Depths:3)
  An ice dragon (Depths:5)
  A wolf spider (D:14)
  A moth of wrath (Zot:5)
  A vampire (D:15)
  A soldier ant (shapeshifter) (Vaults:1)
  2 ogres
  A centaur (D:15)
  2 ball lightnings (Depths:4)
  8 fungi
  48 plants
68 creatures vanquished.

Grand Total: 2297 creatures vanquished

Notes
Turn   | Place    | Note
-------+----------+-------------------------------------------
     0 | D:1      | Gorglomux the Gnoll Transmuter began the quest for the Orb.
     0 | D:1      | Reached XP level 1. HP: 15/15 MP: 4/4
   186 | D:1      | Reached skill level 3 in Transmutations
   220 | D:1      | Reached XP level 2. HP: 21/21 MP: 4/6
   293 | D:1      | Learned a level 2 spell: Sticks to Snakes
   544 | D:1      | Reached XP level 3. HP: 21/26 MP: 5/7
   549 | D:1      | Learned a level 3 spell: Spider Form
  1270 | D:1      | Reached XP level 4. HP: 28/32 MP: 0/8
  1669 | D:2      | Reached skill level 6 in Unarmed Combat
  1671 | D:2      | Reached XP level 5. HP: 37/37 MP: 6/9
  1742 | D:2      | Found an opulent altar of Gozag.
  1742 | D:2      | Found a sparkling altar of Nemelex Xobeh.
  2130 | D:2      | Found a burning altar of Makhleb.
  2131 | D:2      | Found a shimmering altar of Xom.
  2338 | D:3      | Found a blossoming altar of Fedhas.
  2601 | D:3      | Reached skill level 1 in Poison Magic
  2691 | D:3      | Noticed Ijyb
  2718 | D:3      | Killed Ijyb
  2871 | D:3      | Reached XP level 6. HP: 43/44 MP: 5/10
  3688 | D:3      | Found a runed door.
  3693 | D:3      | Noticed Crazy Yiuf
  3698 | D:3      | Killed Crazy Yiuf
  3698 | D:3      | Reached skill level 3 in Fighting
  3907 | D:4      | Reached XP level 7. HP: 46/53 MP: 7/11
  3977 | D:4      | Found a white marble altar of Elyvilon.
  4454 | D:4      | Reached skill level 6 in Transmutations
  4650 | D:4      | Found a glowing golden altar of the Shining One.
  5072 | D:5      | Entered Level 5 of the Dungeon
  5072 | D:5      | Noticed Prince Ribbit
  5093 | D:4      | Killed Prince Ribbit
  5093 | D:4      | Reached XP level 8. HP: 7/61 MP: 1/16
  5432 | D:5      | Found a glowing silver altar of Zin.
  5509 | D:5      | Reached skill level 6 in Spellcasting
  5609 | D:5      | HP: 3/61 [phantom (3)]
  6346 | D:5      | Found Banoz's Book Emporium.
  6436 | D:5      | Noticed Eustachio
  6502 | D:5      | Killed Eustachio
  6533 | D:5      | Learned a level 5 spell: Blade Hands
  6660 | D:5      | Found an iron altar of Okawaru.
  6854 | D:6      | Reached skill level 9 in Transmutations
  6934 | D:6      | Found a shadowy altar of Dithmenos.
  6955 | D:6      | Found a stormy altar of Qazlal.
  6963 | D:6      | Found the transparent robe
  6975 | D:6      | Noticed a two-headed ogre
  7017 | D:6      | Killed a two-headed ogre
  7017 | D:6      | Reached skill level 9 in Spellcasting
  7017 | D:6      | Reached XP level 9. HP: 34/66 MP: 7/22
  7170 | D:6      | Got a transparent robe
  7181 | D:6      | Identified the cursed -5 robe of Misfortune {-Cast *Contam *Tele *Drain EV-5 Stlth-- *Curse} (You found it on level 6 of the Dungeon)
  8696 | D:7      | Found a deep blue altar of Sif Muna.
  8807 | D:7      | Reached XP level 10. HP: 73/74 MP: 20/24
  8917 | D:7      | Found a staircase to the Ecumenical Temple.
  8929 | D:7      | Reached skill level 9 in Unarmed Combat
  8932 | D:7      | Reached skill level 6 in Fighting
  8947 | Temple   | Entered the Ecumenical Temple
  9066 | Temple   | Became a worshipper of the Wu Jian Council
  9375 | D:7      | Found a basalt altar of Yredelemnul.
  9669 | D:7      | Reached * piety under Wu Jian
  9998 | D:7      | Found a shadowy altar of Dithmenos.
 10691 | D:7      | Learned a level 4 spell: Ice Form
 10904 | D:8      | Reached skill level 3 in Ice Magic
 11079 | D:8      | Reached ** piety under Wu Jian
 11231 | D:8      | Reached skill level 9 in Fighting
 11657 | D:8      | Found a radiant altar of Vehumet.
 11844 | D:9      | Reached XP level 11. HP: 84/89 MP: 18/25
 11910 | D:9      | Found Telisof's Food Boutique.
 11965 | D:9      | Noticed a two-headed ogre
 11971 | D:9      | Killed a two-headed ogre
 11971 | D:9      | Reached skill level 12 in Unarmed Combat
 12143 | D:9      | Found an ornate altar of the Wu Jian Council.
 12172 | D:9      | Noticed Grum
 12198 | D:9      | Killed Grum
 12994 | D:9      | Reached *** piety under Wu Jian
 13064 | D:10     | Entered Level 10 of the Dungeon
 13081 | D:10     | Found a bloodstained altar of Trog.
 13244 | D:10     | hmm
 13306 | D:10     | Noticed a cyclops
 13695 | D:10     | Killed a cyclops
 13743 | D:10     | Noticed Erolcha
 13898 | D:10     | Found a staircase to the Lair.
 14028 | D:10     | Killed Erolcha
 14456 | D:11     | Reached skill level 12 in Fighting
 14624 | D:11     | Killed an unseen horror
 14727 | D:11     | Reached **** piety under Wu Jian
 14984 | D:11     | Found a staircase to the Orcish Mines.
 15154 | D:11     | Noticed a two-headed ogre
 15157 | D:11     | Killed a two-headed ogre
 15157 | D:11     | Reached skill level 1 in Armour
 15157 | D:11     | Reached XP level 12. HP: 77/103 MP: 13/26
 15362 | D:11     | Noticed an eight-headed hydra
 15367 | D:11     | Killed an eight-headed hydra
 15367 | D:11     | Reached skill level 3 in Armour
 15974 | Lair:1   | Entered Level 1 of the Lair of Beasts
 16016 | Lair:1   | Reached skill level 6 in Armour
 16685 | Lair:1   | Reached skill level 9 in Armour
 16833 | Lair:1   | Reached skill level 3 in Dodging
 16986 | Lair:2   | Found a staircase to the Snake Pit.
 16994 | Lair:2   | Reached skill level 6 in Dodging
 17213 | Lair:2   | Reached ***** piety under Wu Jian
 17467 | Lair:2   | Reached skill level 1 in Evocations
 17671 | Lair:3   | Reached skill level 3 in Evocations
 17671 | Lair:3   | Reached XP level 13. HP: 82/111 MP: 15/27
 17723 | Lair:3   | Reached skill level 6 in Evocations
 17961 | Lair:3   | Found a staircase to the Shoals.
 18346 | Lair:3   | Reached skill level 9 in Evocations
 18478 | Lair:4   | Identified the Catalogue of Transmutation and Conjuration
 19315 | Lair:5   | Reached skill level 12 in Evocations
 19373 | Lair:5   | Found a staircase to the Slime Pits.
 19373 | Lair:5   | Found a viscous altar of Jiyva.
 19846 | Lair:5   | Reached XP level 14. HP: 91/118 MP: 12/28
 20430 | Lair:6   | Entered Level 6 of the Lair of Beasts
 20439 | Lair:6   | Reached skill level 15 in Evocations
 21005 | Lair:6   | Reached ****** piety under Wu Jian
 21231 | Lair:6   | Got a pair of encrusted gloves
 21252 | Lair:6   | Identified the +2 pair of gloves of Ashenzari's Hope {Int+2 Slay+5} (You found it on level 6 of the Lair of Beasts)
 21272 | Lair:6   | Identified the +2 chain mail "Cagism" {Str+2 Int+3} (You found it on level 6 of the Lair of Beasts)
 21505 | Lair:6   | Found a runed door.
 21539 | Lair:6   | Reached skill level 9 in Dodging
 21687 | Lair:6   | Paralysed by a hornet for 2 turns
 21972 | Lair:6   | Reached skill level 15 in Unarmed Combat
 22498 | D:12     | Reached XP level 15. HP: 107/126 MP: 19/29
 22807 | D:12     | Found a roughly hewn altar of Beogh.
 23268 | D:13     | Found a gate to the Vaults.
 24392 | D:14     | Reached skill level 12 in Transmutations
 25492 | D:14     | Learned a level 7 spell: Dragon Form
 25566 | D:14     | Noticed a storm dragon
 25567 | D:14     | Found the +10 morningstar "Eos" {elec, Halo rElec}
 25880 | D:15     | Entered Level 15 of the Dungeon
 26000 | D:15     | Found a staircase to the Depths.
 26000 | D:15     | Noticed a frost giant
 26009 | D:15     | Killed a frost giant
 26009 | D:15     | Reached skill level 15 in Transmutations
 26120 | D:15     | Found Usops's Antique Armour Boutique.
 26380 | D:15     | Reached XP level 16. HP: 57/134 MP: 3/30
 26829 | D:15     | Found Niskual's Antique Armour Shop.
 26908 | D:15     | Found Ciobryiph's Serpentskin Sales.
 26943 | D:15     | Bought the +2 hat of the Bear Spirit {Spirit, +Rage rN+ MR++} for 1094 gold pieces
 26943 | D:15     | Found the +2 hat of the Bear Spirit {Spirit, +Rage rN+ MR++}
 27109 | Orc:1    | Entered Level 1 of the Orcish Mines
 27685 | Orc:2    | Entered Level 2 of the Orcish Mines
 27698 | Orc:2    | Noticed Maurice
 27722 | Orc:2    | Killed Maurice
 27838 | Orc:2    | Noticed Rupert
 27844 | Orc:2    | Killed Rupert
 27879 | Orc:2    | Found Teusupla's Magic Scroll Shop.
 27902 | Orc:2    | Bought a scroll of noise for 14 gold pieces
 27973 | Orc:2    | Noticed Donald
 27987 | Orc:2    | Found a staircase to the Elven Halls.
 28078 | Orc:2    | Killed Donald
 28078 | Orc:2    | Reached skill level 12 in Spellcasting
 28524 | Orc:2    | Found Plog's Weapon Shop.
 28527 | Orc:2    | Found Yhyny's Book Shop.
 28536 | Orc:2    | Found Guwnetei's Assorted Antiques.
 28537 | Orc:2    | Found Belefre's Distillery.
 28566 | Orc:2    | Bought a potion of agility for 116 gold pieces
 28566 | Orc:2    | Bought a scroll of teleportation for 87 gold pieces
 28567 | Orc:2    | Bought a potion of curing for 45 gold pieces
 28567 | Orc:2    | Bought a potion of mutation for 120 gold pieces
 28567 | Orc:2    | Bought a potion of mutation for 120 gold pieces
 28774 | Snake:1  | Entered Level 1 of the Snake Pit
 29621 | Snake:1  | You fall through a shaft!
 30012 | Snake:2  | Noticed Vashnia
 30021 | Snake:2  | Killed Vashnia
 30582 | Snake:2  | Noticed a nagaraja
 30592 | Snake:2  | Killed a nagaraja
 30592 | Snake:2  | Reached XP level 17. HP: 140/140 MP: 29/35
 30826 | Snake:2  | Reached skill level 18 in Transmutations
 30966 | Snake:2  | Reached skill level 15 in Spellcasting
 31589 | Snake:3  | Found Suapsex's Food Boutique.
 31591 | Snake:3  | Found Puicouwn's Antique Weapon Shop.
 31596 | Snake:3  | Found Kett's Assorted Antiques.
 31608 | Snake:3  | Bought 2 potions of curing for 246 gold pieces
 31608 | Snake:3  | Bought a potion of heal wounds for 205 gold pieces
 32242 | Snake:3  | Reached skill level 15 in Fighting
 32940 | Snake:4  | Entered Level 4 of the Snake Pit
 33924 | Snake:4  | Reached skill level 12 in Dodging
 34487 | Snake:4  | Reached XP level 18. HP: 151/151 MP: 24/38
 35191 | Snake:4  | Got a serpentine rune of Zot
 35741 | Snake:4  | Found an opulent altar of Gozag.
 35959 | Snake:4  | Reached skill level 18 in Unarmed Combat
 36562 | Shoals:1 | Entered Level 1 of the Shoals
 36706 | Shoals:1 | Learned a level 3 spell: Regeneration
 36797 | Shoals:1 | Reached skill level 1 in Charms
 36797 | Shoals:1 | Reached skill level 1 in Necromancy
 36938 | Shoals:1 | Reached skill level 3 in Charms
 36938 | Shoals:1 | Reached skill level 3 in Necromancy
 37608 | Shoals:2 | Reached XP level 19. HP: 137/161 MP: 18/39
 38786 | Shoals:3 | Reached skill level 15 in Dodging
 39114 | Shoals:4 | Entered Level 4 of the Shoals
 39130 | Shoals:4 | Reached skill level 18 in Fighting
 40076 | Shoals:4 | Noticed Ilsuiw
 40148 | Shoals:4 | Killed Ilsuiw
 41035 | Shoals:4 | Got a barnacled rune of Zot
 41417 | Vaults:1 | Entered Level 1 of the Vaults
 41645 | Vaults:1 | Found a magical portal.
 41684 | WizLab   | Entered Cigotuvi's Fleshworks
 41929 | WizLab   | Reached XP level 20. HP: 122/172 MP: 34/40
 42331 | WizLab   | Found the -2 hat of the Alchemist {rElec rPois rF+ rC+ rN+ MR+ rMut rCorr}
 42381 | WizLab   | Paralysed by a floating eye for 2 turns
 42623 | WizLab   | Identified Cigotuvi's Papyrus of Ghastly Changing
 42731 | WizLab   | Learned a level 6 spell: Statue Form
 42910 | Vaults:1 | Reached skill level 1 in Earth Magic
 43450 | Vaults:1 | Reached skill level 1 in Shields
 43450 | Vaults:1 | Reached skill level 3 in Earth Magic
 43460 | Vaults:1 | Gained mutation: You are frail. (-10% HP) [mutagenic glow]
 43775 | Vaults:1 | Gained mutation: You have sharp toenails. [potion of mutation]
 43775 | Vaults:1 | Gained mutation: Armour fits poorly on your strangely shaped body. [potion of mutation]
 43775 | Vaults:1 | Gained mutation: You evolve. [potion of mutation]
 43776 | Vaults:1 | Lost mutation: You are frail. (-10% HP) [potion of mutation]
 43776 | Vaults:1 | Lost mutation: You have sharp toenails. [potion of mutation]
 43777 | Vaults:1 | Lost mutation: Armour fits poorly on your strangely shaped body. [potion of mutation]
 43777 | Vaults:1 | Lost mutation: You evolve. [potion of mutation]
 43777 | Vaults:1 | Gained mutation: You are frail. (-10% HP) [potion of mutation]
 43777 | Vaults:1 | Gained mutation: You are partially covered in molten scales. (AC +2) [potion of mutation]
 43778 | Vaults:1 | Lost mutation: You are frail. (-10% HP) [potion of mutation]
 43778 | Vaults:1 | Lost mutation: You are partially covered in molten scales. (AC +2) [potion of mutation]
 43778 | Vaults:1 | Gained mutation: Scrolls take you a little longer to read. [potion of mutation]
 43778 | Vaults:1 | Gained mutation: Armour fits poorly on your strangely shaped body. [potion of mutation]
 43779 | Vaults:1 | Lost mutation: Armour fits poorly on your strangely shaped body. [potion of mutation]
 43779 | Vaults:1 | Lost mutation: Scrolls take you a little longer to read. [potion of mutation]
 43779 | Vaults:1 | Gained mutation: Your flesh is heat resistant. (rF+) [potion of mutation]
 43896 | Vaults:1 | Reached skill level 3 in Shields
 44195 | Vaults:1 | Reached skill level 6 in Earth Magic
 44667 | Vaults:2 | Reached skill level 6 in Shields
 44729 | Vaults:2 | Found Gunossiy's Gadget Shoppe.
 44763 | Vaults:2 | Found Itoonak's Magic Scroll Emporium.
 44787 | Vaults:2 | Bought 2 scrolls of identify for 72 gold pieces
 44787 | Vaults:2 | Bought a scroll of fog for 36 gold pieces
 44787 | Vaults:2 | Bought a scroll of teleportation for 54 gold pieces
 44856 | Vaults:2 | Found a staircase to the Crypt.
 45880 | Vaults:2 | Reached skill level 9 in Earth Magic
 46462 | Vaults:3 | Reached XP level 21. HP: 180/180 MP: 36/41
 46654 | Vaults:3 | Reached skill level 12 in Earth Magic
 48126 | Vaults:3 | Reached skill level 15 in Earth Magic
 49120 | Vaults:4 | Reached skill level 9 in Shields
 49481 | Vaults:4 | Gained mutation: You are frail. (-10% HP) [a neqoxec]
 49499 | Vaults:4 | Lost mutation: Your flesh is heat resistant. (rF+) [potion of mutation]
 49499 | Vaults:4 | Lost mutation: You are frail. (-10% HP) [potion of mutation]
 49499 | Vaults:4 | Gained mutation: You are somewhat resistant to further mutation. [potion of mutation]
 49708 | Vaults:4 | Reached skill level 12 in Shields
 49942 | Vaults:4 | Reached XP level 22. HP: 188/188 MP: 42/42
 50101 | Vaults:4 | Found Toxuzyke's Antique Weapon Boutique.
 50745 | Depths:1 | Entered Level 1 of the Depths
 50759 | Depths:1 | Found a gateway to Hell.
 50978 | Depths:1 | Found Luorar's Magic Scroll Shop.
 50987 | Depths:1 | Bought a scroll of enchant armour for 105 gold pieces
 50987 | Depths:1 | Bought a scroll of teleportation for 42 gold pieces
 50987 | Depths:1 | Bought 2 scrolls of blinking for 210 gold pieces
 50987 | Depths:1 | Bought a scroll of teleportation for 42 gold pieces
 51485 | Depths:1 | Reached skill level 15 in Shields
 51841 | Depths:2 | Paralysed by a floating eye for 4 turns
 53526 | Depths:3 | Reached skill level 21 in Unarmed Combat
 53526 | Depths:3 | Reached XP level 23. HP: 156/196 MP: 43/43
 53805 | Depths:3 | Found a one-way gate leading to the halls of Pandemonium.
 53817 | Depths:3 | Noticed Margery
 53823 | Depths:3 | Killed Margery
 54176 | Depths:3 | Found Jerchiesch's Gadget Shoppe.
 54176 | Depths:3 | Found Utozeemiwo's Jewellery Emporium.
 54177 | Depths:3 | Found Zabo's Distillery.
 54181 | Depths:3 | Bought a potion of haste for 150 gold pieces
 54181 | Depths:3 | Bought a potion of cancellation for 120 gold pieces
 54181 | Depths:3 | Bought a potion of cancellation for 120 gold pieces
 54186 | Depths:3 | Found Dim Vooclia's Magic Scroll Emporium.
 54193 | Depths:3 | Bought a scroll of teleportation for 45 gold pieces
 54196 | Depths:3 | Bought an uncursed amulet of regeneration for 390 gold pieces
 54285 | Depths:3 | Found an iron altar of Okawaru.
 54415 | Depths:3 | Found a one-way gate to the infinite horrors of the Abyss.
 54641 | Depths:3 | Reached skill level 21 in Fighting
 54850 | Depths:3 | Noticed a juggernaut
 54856 | Depths:3 | Killed a juggernaut
 54892 | Depths:3 | Learned a level 6 spell: Shadow Creatures
 54950 | Depths:3 | Identified the cursed +0 robe of Wahev {rElec rPois Dex-2 Stlth+} (You found it on level 3 of the Depths)
 55477 | Depths:5 | Entered Level 5 of the Depths
 55516 | Depths:5 | Noticed Jorgrun
 55592 | Depths:5 | Killed Jorgrun
 56174 | Depths:5 | Reached XP level 24. HP: 211/211 MP: 41/43
 56192 | Depths:5 | Noticed Frederick
 56199 | Depths:5 | Killed Frederick
 56587 | Depths:5 | Found a gate to the Realm of Zot.
 57320 | Slime:1  | Entered Level 1 of the Pits of Slime
 57367 | Slime:1  | Reached skill level 24 in Unarmed Combat
 57645 | Slime:3  | Noticed Dissolution
 57650 | Slime:3  | Killed Dissolution
 57729 | Slime:4  | Paralysed by a floating eye for 4 turns
 57768 | Slime:5  | Entered Level 5 of the Pits of Slime
 57858 | Slime:5  | Noticed the Royal Jelly
 58399 | Slime:4  | Reached skill level 24 in Fighting
 58825 | Slime:5  | Reached XP level 25. HP: 223/223 MP: 40/43
 59013 | Slime:5  | Found a viscous altar of Jiyva.
 59018 | Slime:5  | Found the +8 demon blade "Bloodbane" {slice, *Rage +Rage Stlth-}
 59160 | Slime:5  | Killed the Royal Jelly
 59163 | Slime:5  | Got a slimy rune of Zot
 59458 | Slime:5  | Identified the Tome of the Unstable Frostbite
 59465 | Slime:5  | Identified the Catalogue of Boosting Venom
 59471 | Slime:5  | Identified Jomeatsy's Handbook of Entrancing Lightness
 59476 | Slime:5  | Identified the ring of Traps {rPois Slay+1 Stlth+} (You found it on level 5 of the Pits of Slime)
 59502 | Slime:5  | Identified the Papyrus of Cankerous Stolen Souls
 59560 | Slime:5  | Identified the ring "Cuso" {*Tele rElec Str+7} (You found it on level 5 of the Pits of Slime)
 59986 | Zot:1    | Entered Level 1 of the Realm of Zot
 60257 | Zot:5    | Entered Level 5 of the Realm of Zot
 60490 | Zot:5    | Noticed a Killer Klown
 60500 | Zot:5    | Killed a Killer Klown
 60565 | Zot:5    | Noticed an orb of fire
 60565 | Zot:5    | Gained mutation: Your spells are a little easier to cast, but a little less powerful. [an orb of fire]
 60568 | Zot:5    | Killed an orb of fire
 60650 | Zot:5    | Noticed an ancient lich
 60651 | Zot:5    | Noticed an ancient lich
 60665 | Zot:5    | Killed an ancient lich
 60681 | Zot:5    | Killed an ancient lich
 60920 | Zot:5    | Noticed an orb of fire
 60927 | Zot:5    | Killed an orb of fire
 61010 | Zot:5    | Noticed an orb of fire
 61011 | Zot:5    | Gained mutation: Scrolls take you a little longer to read. [an orb of fire]
 61022 | Zot:5    | Killed an orb of fire
 61026 | Zot:5    | Lost mutation: Your spells are a little easier to cast, but a little less powerful. [potion of mutation]
 61026 | Zot:5    | Lost mutation: Scrolls take you a little longer to read. [potion of mutation]
 61026 | Zot:5    | Lost mutation: You are somewhat resistant to further mutation. [potion of mutation]
 61026 | Zot:5    | Gained mutation: Your natural rate of healing is unusually fast. [potion of mutation]
 61031 | Zot:5    | Reached XP level 26. HP: 188/237 MP: 42/43
 61033 | Zot:5    | Noticed an ancient lich
 61037 | Zot:5    | Killed an ancient lich
 61070 | Zot:5    | Noticed an ancient lich
 61074 | Zot:5    | Killed an ancient lich
 61104 | Zot:5    | Noticed an ancient lich
 61124 | Zot:5    | Killed an ancient lich
 61124 | Zot:5    | Reached skill level 27 in Unarmed Combat
 61157 | Zot:5    | Noticed an orb of fire
 61160 | Zot:5    | Killed an orb of fire
 61162 | Zot:5    | Noticed an orb of fire
 61169 | Zot:5    | Killed an orb of fire
 61174 | Zot:5    | Reached skill level 27 in Fighting
 61188 | Zot:5    | Noticed an orb of fire
 61189 | Zot:5    | Killed an orb of fire
 61409 | Zot:5    | Noticed an orb of fire
 61421 | Zot:5    | Killed an orb of fire
 61421 | Zot:5    | Reached skill level 18 in Shields
 61452 | Zot:5    | Noticed an orb of fire
 61462 | Zot:5    | HP: 6/314 [Orb Guardian (17)]
 61462 | Zot:5    | Demolished by an Orb Guardian

Vault maps used:
D:1:      dpeg_arrival_lava_temple_mockup
D:2:      grunt_temple_overflow_opulence, gammafunk_temple_overflow_statue,
          first_bread
D:3:      lemuel_crystal_altar, serial_bayou_pond_e, uniq_ijyb,
          uniq_crazy_yiuf_cottage
D:4:      corexii_shantytown, elyvilon_altar_3, nicolae_tso_besieged_by_evil
D:5:      marbit_many_paths, lemuel_coloured_pillars_altar, serial_shops,
          nicolae_shop_stone, uniq_eustachio, uniq_prince_ribbit1
D:6:      wad_pebble_path, nicolae_qazlal_general_emergency,
          grunt_dithmenos_smoke_and_mirrors
D:7:      lemuel_mausoleum_altar_yredelemnul, lemuel_round_altar,
          overflow_temple_1_default, minmay_temple_entry_crystal_x,
          grunt_ogre_cave, small_statue_intersection, minivault_25
D:8:      kennysheep_little_box
D:9:      serial_shops, nicolae_shop_behind_doors, basic_altar, uniq_grum
D:10:     erik_lair_orcish_takeover, bloody_trog, uniq_erolcha
D:11:     hiddenorc1_lemuel
D:12:     special_room
D:13:     lightli_vaults_fourway_checkpoint
D:14:     kennysheep_snake, minmay_misc_feat_tiny, enter_bailey_3,
          kennysheep_small_square
D:15:     grunt_enter_depths_snipers, serial_shops, shop, nicolae_shop_crystal,
          nicolae_lava_and_water, nicolae_benzene_ring, amethyst_killhole,
          guppyfry_shop_venom
Temple:   nicolae_temple_figure_zero
Lair:1:   wad_woods_02, grunt_megastairs_5
Lair:2:   minmay_snake_entry_spellcaster, infiniplex_staircase_pool,
          lemuel_fruit_tree
Lair:3:   elwin_shoals_entry_stream, serial_bayou_shore_b, grunt_megastairs_4
Lair:4:   serial_bayou_shore_a, grunt_megastairs_3, infiniplex_staircase_pool_2
Lair:5:   slime_altar_1, nicolae_quartered_pool_little, beast_lair_carwin_7
Lair:6:   wormcave, eino_house_with_fridge
Shoals:1: cheibrodos_shoals_epimethial_gifts
Shoals:4: shoals_end_grunt_garden, shoals_ilsuiw_ice
Snake:2:  kennysheep_six_static_rooms, uniq_vashnia
Snake:3:  cheibrodos_forgotten_conduit, minmay_shop_star
Snake:4:  johnstein_snake_rune_scales, basic_altar
Slime:1:  cheibrodos_slime_lost_civilization_9
Slime:2:  cheibrodos_slime_lost_civilization_1,
          cheibrodos_slime_lost_civilization_6
Slime:3:  dissolution_awaits
Slime:4:  cheibrodos_slime_lost_civilization_3
Orc:2:    st_orc_pillars, serial_shops, shop, uniq_rupert, uniq_maurice,
          uniq_donald
Vaults:1: grunt_vaults_funnel, grunt_vaults_diagonal, v_misc_11,
          vaults_room_hallway, vaults_mumra_hex,
          nicolae_vaults_little_squares_3, vaults_dpeg_doors,
          ontoclasm_vaults_tryst, nicolae_vaults_three_branches,
          nicolae_vaults_what_the_h, nicolae_vaults_little_ls,
          ontoclasm_vaults_chip, v_misc_15, vaults_dpeg_hooks,
          infiniplex_enter_wizlab_water
Vaults:2: hangedman_vaults_hat, v_misc_12, vaults_room_ringed_pool,
          v_alt_pattern_2, hangedman_vaults_corner_blocks,
          vaults_room_mumra_shop_pool, ontoclasm_vaults_shuriken, serial_shops,
          nicolae_shop_behind_doors
Vaults:3: dpeg_vaults_pockets_of_resistance, nicolae_vaults_yaktaur_gun_rack,
          nicolae_vaults_diagonal_hallway_8, nicolae_vaults_rhombus_5,
          vaults_room_fours, vaults_dpeg_ring, vaults_room_fours
Vaults:4: v_alt_pattern_1, v_alt_pattern_2, v_misc_14, vaults_room_corners,
          v_misc_5, nicolae_vaults_little_squares_1, vaults_room_fancy_cross,
          special_room_vaults, hangedman_vaults_locks, grunt_vaults_focal,
          ontoclasm_vaults_chip, serial_shops,
          nicolae_shop_competitors_out_of_business
Depths:1: serial_shops, nicolae_shop_crystal, hangedman_coc_ice_floe,
          minmay_crystal_water, bh_walls_and_bars, serial_bayou_shore_b
Depths:2: hangedman_elemental_death_ray, minmay_misc_feat_cross, hell_entry
Depths:3: giant_chief_lemuel, hell_entry, abyss_entry, rand_demon_pan_entry_8,
          okawaru_ov_weapons_minmay, infiniplex_staircase_pillars_3a,
          minmay_shoptagon, basic_stair_grate_trap, serial_bayou_shore_b,
          uniq_margery
Depths:4: radiant_caverns_a_rkd, abyss_entry, hell_entry, uniq_enchantress
Depths:5: grunt_zot_entry_hairpin, hell_entry, pan_entry, uniq_jorgrun,
          uniq_frederick
Zot:1:    gammafunk_the_bubble
Zot:2:    gammafunk_sealed_library, zot_minivault_5
Zot:3:    basic_stair_grate_trap
Zot:4:    hangedman_orp_of_zott
WizLab:   wizlab_cigotuvi

Skill      XL: |  1  2  3  4  5  6  7  8  9 10 11 12 13 14 15 16 17 18 19 20 21 22 23 24 25 26 |
---------------+-------------------------------------------------------------------------------+-----
Transmutations | 3 4 5 7 10 11 15 17 18 | 18.0
Unarmed Combat | 5 6 7 8 11 14 15 17 18 19 20 21 23 24 26 27 | 27.0
Poison Magic   | 2 |  2.0
Fighting       | 3 4 5 9 12 13 14 16 17 18 19 20 22 24 25 27 | 27.0
Spellcasting   | 5 9 10 14 16 | 16.1
Ice Magic      | 3 |  3.1
Armour         | 1 9 10 | 10.4
Dodging        | 8 9 10 12 14 16 17 | 17.9
Evocations     | 3 13 16 | 16.0
Charms         | 5 |  5.0
Necromancy     | 5 |  5.0
Earth Magic    | 10 15 | 15.4
Shields        | 7 12 17 18 | 18.1

Action                   |  1- 3 |  4- 6 |  7- 9 | 10-12 | 13-15 | 16-18 | 19-21 | 22-24 | 25-27 || total
-------------------------+-------+-------+-------+-------+-------+-------+-------+-------+-------++-------
Melee: Unarmed           |   122 |   193 |   482 |   851 |  1208 |  1284 |  1448 |  1550 |   540 ||  7678
       Bite              |     3 |     1 |    10 |    23 |    53 |    51 |    83 |    71 |    23 ||   318
       Kick              |     1 |       |       |       |       |       |       |       |       ||     1
       Headbutt          |     1 |       |       |       |       |       |       |       |       ||     1
       Punch             |       |     1 |     2 |    12 |    28 |    35 |    21 |       |       ||    99
       Tailslap          |       |       |       |       |       |    40 |    24 |       |       ||    64
 Cast: Beastly Appendage |    12 |       |     1 |       |       |       |       |       |       ||    13
       Sticks to Snakes  |     2 |       |     7 |     5 |     5 |     1 |       |     1 |       ||    21
       Spider Form       |     1 |    29 |    41 |    12 |     2 |       |       |       |       ||    85
       Blade Hands       |       |       |     9 |    67 |    89 |    22 |     5 |     1 |       ||   193
       Ice Form          |       |       |       |     5 |    10 |     4 |     3 |     1 |       ||    23
       Dragon Form       |       |       |       |       |       |    62 |    50 |     1 |     1 ||   114
       Statue Form       |       |       |       |       |       |       |    58 |    88 |    45 ||   191
       Regeneration      |       |       |       |       |       |       |     4 |    66 |    32 ||   102
Invok: Serpent's Lash    |       |       |       |       |     8 |    14 |     7 |    13 |     8 ||    50
       Heavenly Storm    |       |       |       |       |       |     2 |     1 |     2 |       ||     5
 Abil: End Transformatio |       |       |       |     1 |     3 |     3 |     1 |     1 |       ||     9
       Evoke Invisibilit |       |       |       |       |    13 |     1 |     1 |       |       ||    15
       Breathe Fire      |       |       |       |       |       |    21 |    18 |       |       ||    39
Evoke: Wand              |       |       |       |       |       |     2 |     3 |     4 |     3 ||    12
       Phial of floods   |       |       |       |       |       |     1 |       |       |       ||     1
       Lightning rod     |       |       |       |       |       |       |    16 |     8 |     3 ||    27
       Box of beasts     |       |       |       |       |       |       |     1 |       |       ||     1
       Lamp of fire      |       |       |       |       |       |       |       |       |     1 ||     1
  Use: Scroll            |       |     6 |    14 |     7 |    10 |    13 |     9 |    13 |    14 ||    86
       Potion            |       |       |     1 |     1 |       |       |    11 |     2 |     5 ||    20
 Stab: Distracted        |       |       |     2 |       |       |     1 |       |     1 |       ||     4
       Confused          |       |       |       |     2 |       |       |       |       |       ||     2
       Invisible         |       |       |       |       |    33 |       |     1 |       |       ||    34
       Paralysed         |       |       |       |       |       |       |     1 |       |       ||     1
  Eat: Chunk             |     1 |    14 |    14 |    46 |    66 |    59 |   106 |    52 |     1 ||   359
       Meat ration       |       |       |     2 |     1 |       |     6 |     1 |     4 |     5 ||    19
       Bread ration      |       |       |     1 |       |       |     1 |       |       |     3 ||     5
       Royal jelly       |       |       |       |     1 |       |     1 |       |       |       ||     2
       Fruit             |       |       |       |       |     1 |     2 |       |       |       ||     3
Armor: Robe              |    27 |     5 |    49 |    99 |       |       |       |       |       ||   180
       Skin              |       |     5 |    10 |     8 |    11 |   239 |   405 |   507 |   148 ||  1333
       Troll leather arm |       |       |       |    32 |   205 |    86 |    32 |    15 |     8 ||   378
Dodge: Dodged            |    86 |   120 |   281 |   344 |   564 |   509 |   732 |   778 |   190 ||  3604
Block: Buckler           |       |       |       |       |       |       |   171 |       |       ||   171
       Shield            |       |       |       |       |       |       |    97 |    23 |       ||   120
       Large shield      |       |       |       |       |       |       |       |  1444 |   404 ||  1848

Table legend:
 A = Spawn XP
 B = Non-spawn XP
 C = Spawn XP percentage of total XP
 D = Spawn monster count
 E = Non-spawn monster count
 F = Spawn count percentage of total count
 G = Total turns spent on level
                    A         B        C        D         E        F      G
               +---------+---------+-------+---------+---------+-------+---------
         Total |  151324 | 1058133 |  12.5 |     315 |    1877 |  14.4 | 61462
               +---------+---------+-------+---------+---------+-------+---------
           D:1 |      13 |      60 |  17.8 |       6 |      27 |  18.2 |  1248
           D:2 |      12 |     124 |   8.8 |       5 |      17 |  22.7 |  1324
           D:3 |      18 |     241 |   6.9 |       4 |      23 |  14.8 |  1246
           D:4 |     126 |     788 |  13.8 |       6 |      61 |   9.0 |  1871
           D:5 |      13 |     757 |   1.7 |       1 |      17 |   5.6 |  1152
           D:6 |     461 |    1635 |  22.0 |      10 |      25 |  28.6 |  1849
           D:7 |      86 |    1755 |   4.7 |       2 |      45 |   4.3 |  1511
           D:8 |     452 |    2653 |  14.6 |       4 |      45 |   8.2 |  1465
           D:9 |     547 |    2754 |  16.6 |       3 |      26 |  10.3 |  1558
          D:10 |     899 |    2737 |  24.7 |       9 |      19 |  32.1 |  1392
          D:11 |     477 |    5238 |   8.3 |       9 |      53 |  14.5 |  1521
          D:12 |     747 |    5061 |  12.9 |       4 |      48 |   7.7 |   787
          D:13 |     894 |   12100 |   6.9 |       1 |      29 |   3.3 |  1431
          D:14 |    3287 |   16264 |  16.8 |      13 |      62 |  17.3 |  1658
          D:15 |     383 |    7620 |   4.8 |       2 |      20 |   9.1 |  1248
        Lair:1 |    1979 |    4919 |  28.7 |      11 |      23 |  32.4 |  1118
        Lair:2 |     792 |    2598 |  23.4 |       2 |      14 |  12.5 |  1039
        Lair:3 |     289 |    7198 |   3.9 |       1 |      26 |   3.7 |   852
        Lair:4 |    1623 |    5962 |  21.4 |       7 |      25 |  21.9 |   886
        Lair:5 |    3344 |    8955 |  27.2 |      14 |      31 |  31.1 |  1196
        Lair:6 |    5271 |   19463 |  21.3 |      16 |      71 |  18.4 |  1742
      Shoals:1 |    1415 |   20585 |   6.4 |       4 |      40 |   9.1 |   893
      Shoals:2 |    1198 |   13193 |   8.3 |       2 |      30 |   6.2 |   712
      Shoals:3 |    5681 |   16240 |  25.9 |      10 |      30 |  25.0 |  1790
      Shoals:4 |    4472 |   31291 |  12.5 |       8 |      52 |  13.3 |  1245
       Snake:1 |       0 |   15607 |   0.0 |       0 |      25 |   0.0 |   811
       Snake:2 |    4957 |   25327 |  16.4 |       8 |      41 |  16.3 |  1709
       Snake:3 |    2301 |   14763 |  13.5 |       3 |      28 |   9.7 |  2029
       Snake:4 |   10677 |   66539 |  13.8 |      16 |     111 |  12.6 |  3011
       Slime:1 |    2362 |    9607 |  19.7 |       1 |       9 |  10.0 |   292
       Slime:2 |    1025 |    9314 |   9.9 |       1 |      12 |   7.7 |    63
       Slime:3 |       0 |   20325 |   0.0 |       0 |      10 |   0.0 |   206
       Slime:4 |    1440 |   19417 |   6.9 |       6 |      23 |  20.7 |  1192
       Slime:5 |    2495 |   38246 |   6.1 |       1 |      29 |   3.3 |   589
         Orc:1 |     278 |    1089 |  20.3 |       8 |      14 |  36.4 |   645
         Orc:2 |     616 |   16762 |   3.5 |       8 |      74 |   9.8 |  1018
      Vaults:1 |   12450 |   34944 |  26.3 |      15 |      64 |  19.0 |  2095
      Vaults:2 |    4946 |   23730 |  17.2 |       7 |      45 |  13.5 |  1776
      Vaults:3 |   11788 |   58738 |  16.7 |      21 |      74 |  22.1 |  2344
      Vaults:4 |    5110 |   53761 |   8.7 |      14 |      84 |  14.3 |  1717
      Depths:1 |    1882 |   18541 |   9.2 |       1 |      29 |   3.3 |  1368
      Depths:2 |   12056 |   44085 |  21.5 |      17 |      65 |  20.7 |  1267
      Depths:3 |   11026 |   88713 |  11.1 |      12 |      92 |  11.5 |  2185
      Depths:4 |       0 |    1517 |   0.0 |       0 |       1 |   0.0 |    26
      Depths:5 |   13167 |   83655 |  13.6 |      13 |      81 |  13.8 |  1665
         Zot:1 |       0 |     549 |   0.0 |       0 |       1 |   0.0 |    31
         Zot:2 |       0 |    3040 |   0.0 |       0 |       3 |   0.0 |    44
         Zot:3 |       0 |    8136 |   0.0 |       0 |       5 |   0.0 |   153
         Zot:4 |       0 |    9951 |   0.0 |       0 |       8 |   0.0 |   340
         Zot:5 |   18269 |  177339 |   9.3 |       9 |      44 |  17.0 |   908
        WizLab |       0 |   24247 |   0.0 |       0 |      46 |   0.0 |  1111
               +---------+---------+-------+---------+---------+-------+---------
